Map: Catalyst LE

Players

Neuro - Winner!

  • Race: Zerg Zerg
  • League: Master
  • Spawn Location: 11:00

Player

  • Race: Protoss Protoss
  • League: Master
  • Spawn Location: 5:00

VOD

Have the link to the VOD?

Description

Time

  • Played on: Nov. 17, 2017, 8:29 p.m.
  • Length: 8:40
Show
View Real Time Build Order
Export as new Build Order

Neuro Zerg - Winner!

Build Orders: Hatch First 

Get SALT Encoding   

  12  0:01  Drone  
  13  0:13  Overlord  
  13  0:17  Drone  
  14  0:31  Drone  
  14  0:32  Drone  
  14  0:35  Drone  
  17  0:53  Hatchery  
  16  0:58  Drone x2  
  18  1:14  Extractor  
  18  1:17  Spawning Pool, Drone  
  17  1:20  Drone  
  18  1:37  Drone  
  19  1:47  Extractor, Drone  
  19  1:58  Drone  
  20  2:05  Queen  
  20  2:06  Spine Crawler x2  
  20  2:12  Roach Warren  
  20  2:13  Drone  
  20  2:17  Drone  
  20  2:21  Drone  
  22  2:27  Drone  
  24  2:37  Metabolic Boost  
  22  2:45  Queen  
  24  2:56  Overlord  
  24  2:58  Overlord  
  24  3:20  Roach x3  
  24  3:21  Roach  
  32  3:31  Roach x2  
  36  3:39  Overlord  
  36  3:49  Ravager x2  
  38  4:03  Ravager  
  38  4:04  Zergling x8  
  43  4:20  Ravager  
  44  4:39  Hatchery  
  44  4:42  Overlord  
  44  4:43  Drone x3  
  42  5:08  Zergling x6  
  38  5:21  Drone x3  
  38  5:25  Evolution Chamber  
  40  5:32  Zergling x2  
  40  5:34  Lair  
  41  5:44  Drone  
  42  5:56  Hatchery  
  41  5:59  Drone x5  
  41  6:01  Zerg Ground Armor Level 1  
  46  6:11  Drone x2  
  48  6:23  Drone x4  
  52  6:31  Drone x2  
  54  6:33  Drone  
  54  6:35  Hydralisk Den  
  54  6:50  Drone x3  
  54  6:53  Drone x3  
  60  7:01  Overlord  
  60  7:02  Overlord x3  
  60  7:12  Muscular Augments  
  60  7:19  Queen  
  62  7:29  Hydralisk x6  
  70  7:34  Zergling x12  
  80  7:38  Zergling x4  
  81  7:57  Overlord x2  
  85  7:58  Zergling x16  
  89  8:17  Drone x6  
Show
View Real Time Build Order
Export as new Build Order

Player Protoss 

Build Orders:  

Get SALT Encoding   

  12  0:01  Probe (Chrono Boost)  
  13  0:13  Probe (Chrono Boost)  
  14  0:22  Pylon  
  14  0:23  Probe  
  15  0:40  Probe  
  16  0:43  Pylon  
  16  0:52  Probe  
  17  1:01  Gateway  
  17  1:04  Probe  
  17  1:08  Forge  
  18  1:16  Probe  
  19  1:29  Probe  
  20  1:41  Probe  
  20  1:46  Pylon  
  21  1:48  Zealot (Chrono Boost)  
  21  1:53  Probe  
  24  2:05  Photon Cannon  
  24  2:07  Photon Cannon  
  24  2:08  Photon Cannon  
  24  2:10  Probe (Chrono Boost)  
  25  2:21  Probe (Chrono Boost)  
  26  2:26  Assimilator  
  26  2:29  Probe  
  27  2:30  Assimilator  
  27  2:37  Cybernetics Core  
  27  2:42  Probe, Pylon  
  28  2:57  Nexus  
  28  2:59  Probe  
  27  3:14  Robotics Facility  
  27  3:19  Probe  
  28  3:22  Gateway  
  28  3:27  Gateway  
  28  3:31  Probe  
  29  3:36  Pylon  
  29  3:43  Probe  
  30  3:55  Stalker  
  32  3:57  Probe  
  33  4:03  Immortal (Chrono Boost)  
  33  4:09  Probe  
  38  4:11  Probe  
  39  4:19  Stargate  
  39  4:21  Probe  
  44  4:32  Immortal (Chrono Boost)  
  44  4:37  Warp Gate  
  44  4:38  Zealot  
  44  4:40  Zealot  
  44  4:45  Shield Battery  
  48  4:54  Probe  
  49  5:04  Void Ray (Chrono Boost)  
  46  5:10  Probe x2  
  46  5:26  Probe (Chrono Boost)  
  48  5:31  Probe (Chrono Boost)  
  48  5:38  Probe (Chrono Boost)  
  51  5:43  Void Ray, Probe (Chrono Boost)  
  51  5:47  Probe (Chrono Boost)  
  56  5:51  Probe (Chrono Boost)  
  56  5:52  Assimilator  
  56  5:55  Probe x2 (Chrono Boost)  
  57  6:04  Probe  
  57  6:05  Assimilator, Probe  
  59  6:20  Pylon  
  59  6:23  Nexus  
  59  6:25  Pylon  
  57  6:28  Fleet Beacon, Pylon  
  57  6:37  Pylon  
  57  6:38  Probe x2  
  57  6:39  Pylon  
  59  6:42  Pylon  
  59  6:44  Photon Cannon  
  59  6:50  Probe x2  
  61  7:00  Photon Cannon x2  
  61  7:02  Probe x2  
  61  7:03  Shield Battery  
  61  7:06  Shield Battery  
  63  7:14  Probe (Chrono Boost)  
  73  7:23  Probe (Chrono Boost)  
  73  7:26  Probe (Chrono Boost)  
  81  7:38  Probe (Chrono Boost)  
  81  7:40  Probe (Chrono Boost)  
  82  7:50  Probe (Chrono Boost)  
  84  7:51  Probe (Chrono Boost)  
  84  7:52  Probe x2 (Chrono Boost)  
  86  7:59  Photon Cannon  
  86  8:00  Photon Cannon  
  86  8:01  Probe  
  86  8:02  Photon Cannon  
  86  8:04  Probe  
  88  8:07  Shield Battery  
  88  8:11  Shield Battery  
  88  8:13  Probe  
  88  8:14  Assimilator, Pylon  
  88  8:16  Probe  
  88  8:19  Assimilator  
  90  8:25  Probe, Stargate  
  90  8:26  Stargate  
  84  8:35  Photon Cannon x2  
Tags
 
Matchup
PvZ
Spawn Locations
Cross Positions
Add a new tag
Caveats
  • Supply blocks, unpowered buildings, or Contaminate may cause inaccurate times.
  • Supply counts are checked every 10 seconds.